 Dungeon Crawl Stone Soup version 0.32-a0-329-ge6c31236d6 (webtiles) character file.

Game seed: 9813896403061992974

292700 cforsyth the Eclecticist (level 21, -9/166 HPs)
             Began as a Djinni Fire Elementalist on Feb 16, 2024.
             Killed from afar by a quicksilver dragon (22 damage)
             ... with a bolt of dispelling energy
             ... on level 4 of the Vaults on Feb 17, 2024.
             The game lasted 01:40:03 (48475 turns).

cforsyth the Eclecticist (DjFE)                    Turns: 48475, Time: 01:40:03

Health: -9/166     AC: 20    Str:  7    XL:     21   Next: 70%
Gold:   2909       EV: 11    Int: 30    God:
                   SH: 12    Dex: 16

rFire   + + .        a - +5 falchion of a wizard's laboratory {holy, ^Fragile rC+ Int+2 Dex+2}
rCold   + + +        S - +0 kite shield
rNeg    . . .        V - +5 scale mail of Bellicose Life {rElec rC+++ Dex-2 SInv}
rPois   ∞            X - +2 hat
rElec   +            O - +2 cloak {Will+}
rCorr   +            D - +2 pair of gloves
SInv    +            (boots unavailable)
Will    +++..        J - amulet of regeneration
Stlth   +            z - ring of wizardry
HPRegen 1.27/turn    Y - ring "Meyloj" {rC+ rCorr Dex+2 Slay+4}
MPRegen 0.00/turn

%: wizardry (x1), infuse magic (-10 HP)
@: flying
A: sickness immunity, fire resistance 2, cold vulnerability 1, float, innate
caster, HP casting, extra vitality 1
}: 2/15 runes: decaying, serpentine
a: no special abilities


You were on level 4 of the Vaults.
You visited 6 branches of the dungeon, and saw 34 of its levels.
You visited 1 bazaar.
You also visited: Bailey and Ice Cave.

You collected 4242 gold pieces.
You spent 1333 gold pieces at shops.


Innate Abilities, Weirdness & Mutations

You are immune to sickness and miasma.
You are immune to poison.
Your flesh is very heat resistant. (rF++)
You are vulnerable to cold. (rC-)
You float through the air rather than walking.
You learn spells naturally, not from books.
Your magical power is your life essence.
You have superior vitality. (+4 MHP)


   Skills:
 - Level 19.0 Fighting
 - Level 5.0 Armour
 + Level 18.5 Dodging
 - Level 1.5 Stealth
 - Level 12.0 Shields
 + Level 19.4 Spellcasting
 + Level 19.4 Conjurations
 + Level 19.4 Hexes
 + Level 19.4 Summonings
 + Level 19.4 Necromancy
 + Level 19.4 Translocations
 + Level 19.4 Fire Magic
 + Level 19.4 Ice Magic
 + Level 19.4 Air Magic
 + Level 19.4 Earth Magic
 + Level 19.4 Alchemy


You knew the following spells:

 Your Spells              Type           Power      Damage    Failure   Level
a - Airstrike             Air            49%        2d(7-23)  1%          4
b - Summon Cactus Giant   Summ           49%        N/A       1%          6
e - Dispersal             Tloc           49%        N/A       1%          6
f - Foxfire               Conj/Fire      100%       2x1d9     0%          1
h - Haunt                 Necr/Summ      49%        N/A       5%          7
i - Swiftness             Air            98%        N/A       1%          3
l - Leda's Liquefaction   Alch/Erth      49%        N/A       1%          4
r - Inner Flame           Hex/Fire       98%        N/A       1%          3
t - Static Discharge      Conj/Air       100%       3-8/arc   0%          2
v - Summon Mana Viper     Hex/Summ       98%        N/A       1%          5
z - Summon Small Mammal   Summ           100%       N/A       0%          1
B - Borgnjor's Revivific  Necr           49%        N/A       36%         8
X - Scorch                Fire           100%       2d9       0%          2
Y - Volatile Blastmotes   Fire/Tloc      100%       2d18      1%          3
Z - Flame Wave            Conj/Fire      98%        2d20      1%          4
Your spell library was empty.

Inventory:

Hand Weapons
 a - the +5 falchion of a wizard's laboratory (weapon) {holy, ^Fragile rC+ Int+2 Dex+2}
   (You found it on level 11 of the Dungeon)

   Int+2:     It affects your intelligence (+2).
   Dex+2:     It affects your dexterity (+2).
   rC+:       It protects you from cold.
   ^Fragile:  It will be destroyed if unequipped.
 u - the +3 broad axe "Uminiel" {antimagic, rF+ rC+}
   (You acquired it on level 9 of the Dungeon)

   rF+:       It protects you from fire.
   rC+:       It protects you from cold.
 G - the +6 mace "Syclie" {vamp, *Noise rElec Str+7 Int-3}
   (You found it on level 8 of the Dungeon)

   Str+7:     It affects your strength (+7).
   Int-3:     It affects your intelligence (-3).
   rElec:     It insulates you from electricity.
   *Noise:    It may make a loud noise when swung.
Armour
 m - a +1 pair of gloves of infusion
 D - a +2 pair of gloves (worn)
 O - a +2 cloak of willpower (worn)
 S - a +0 kite shield (worn)
 V - the +5 scale mail of Bellicose Life (worn) {rElec rC+++ Dex-2 SInv}
   (You found it on level 5 of the Lair of Beasts)

   Dex-2:     It affects your dexterity (-2).
   rC+++:     It renders you almost immune to cold.
   rElec:     It insulates you from electricity.
   SInv:      It lets you see invisible.
 X - a +2 hat (worn)
Magical Staves
 F - a staff of air {!a}
Jewellery
 c - a ring of protection from cold
 i - a ring of protection from cold
 z - a ring of wizardry (left hand)
 J - an amulet of regeneration (around neck)
 K - the ring of Niudiq {rPois rN+ MP+9 Str-5 Int+4}
   (You found it on level 14 of the Dungeon)

   [ring of positive energy]

   Str-5:     It affects your strength (-5).
   Int+4:     It affects your intelligence (+4).
   rPois:     It protects you from poison rN+: It protects you from negative
   energy.
   MP+9:      It affects your magic capacity (+9).
 N - a ring of positive energy
 T - a +4 ring of protection
 Y - the ring "Meyloj" (right hand) {rC+ rCorr Dex+2 Slay+4}
   (You acquired it in a bazaar)

   [ring of slaying]

   Dex+2:     It affects your dexterity (+2).
   Slay+4:    It affects your accuracy & damage with ranged weapons and melee
   (+4).
   rC+:       It protects you from cold.
   rCorr:     It protects you from acid and corrosion.
Wands
 f - a wand of digging (5)
 r - a wand of iceblast (28)
 y - a wand of polymorph (11)
 C - a wand of acid (1)
 I - a wand of charming (47)
 M - a wand of flame (7)
Scrolls
 d - 8 scrolls of teleportation {@r2}
 e - 2 scrolls of fear
 l - 2 scrolls of butterflies
 o - 4 scrolls of blinking
 v - 10 scrolls of immolation
 B - 12 scrolls of enchant armour
 E - 9 scrolls of noise
 H - 4 scrolls of revelation
 L - 2 scrolls of poison
 P - 5 scrolls of vulnerability
 Q - 5 scrolls of fog
 R - a scroll of torment
 Z - 6 scrolls of identify {@r1}
Potions
 b - 5 potions of ambrosia
 g - 2 potions of resistance
 h - 3 potions of attraction
 j - a potion of lignification
 k - 5 potions of cancellation
 n - 2 potions of haste {@q3}
 p - 6 potions of brilliance
 q - 6 potions of heal wounds {@q2}
 s - 6 potions of curing {@q1}
 t - 7 potions of invisibility
 w - 6 potions of enlightenment
 x - 8 potions of mutation
Miscellaneous
 A - a phial of floods
 U - a lightning rod (4/4)
 W - a condenser vane

Dungeon Overview and Level Annotations

Branches:
Dungeon (15/15)            Temple (0/1) D:7            Lair (5/5) D:9
  Swamp (4/4) Lair:3        Snake (4/4) Lair:2        Slime (0/5) Lair:4
    Orc (2/2) D:9             Elf (0/3) Orc:2        Vaults (4/5) D:13
  Crypt (0/3) Vaults:3     Depths (0/4) D:15         Bailey (visited)
  IceCv (visited)

Altars:
Cheibriados
Dithmenos
Hepliaklqana
Nemelex Xobeh
Okawaru
Qazlal
Ru
Uskayaw
Wu Jian
Yredelemnul
The Shining One
Beogh

Shops:
D:9 ***   Orc:2 (*=(   Vaults:3 [

Annotations:
D:13 2 transporters, exclusion: orange crystal statue, Coanextu's ghost, journeyman HOFi; epsilonplus's ghost, journeyman TrMo
Lair:4 1 runed translucent door
Swamp:2 3 runed translucent doors, MrSquiggles's ghost, adept DsWn; Roxanne
Snake:1 1 runed translucent door, Xuar's ghost, adept DjHW
Vaults:4 Frederick

░..░░░....░.................░
░.. ░...
░░░..░.................░ ...
░...
░░░░.................░....
..................░....
...░░░░'░░░░.....░
..░.......░.....░
░░░░░░░.░.......░.....░░░░░
░.....░.░.p.....░..........
░.....'.§D@.....░....░░░░░░
░+'░''▒.†░.░.......░....░.....
░..'..▒..░.░.......░....░.....
░p.'..▒..░.░.......░....░.....
░C'░''▒..░.░░'░░░'░░....░.....
░C)░.....░..............░.....
░))░.....░..............░.....
░░░░░░░░░░..............░.....
.............)..░.....


You could see an ironbound preserver and a quicksilver dragon (catching breath).


Message History

Unknown command.
Casting: Airstrike (safe; 1% risk of failure)
Confirm with . or Enter, or press ? or * to list all spells.
Aiming: Airstrike (safe; 1% risk of failure)
Press: ? - help, Dir - move target, f/p - quicksilver dragon
Aim: a quicksilver dragon (almost dead, sheltered from injuries, catching its breath, ally target, empty space bonus: 3/8)
The air twists around and strikes the quicksilver dragon but does no damage.
* * * LOW HITPOINT WARNING * * *
The quicksilver dragon bites you but does no damage.
You block the quicksilver dragon's attack.
The ironbound preserver hits you with a +0 dire flail.
* * * LOW HITPOINT WARNING * * *
Your cactus giant completely misses the quicksilver dragon.
Unknown command.
Unknown command.
Casting: Airstrike (safe; 1% risk of failure)
Confirm with . or Enter, or press ? or * to list all spells.
Aiming: Airstrike (safe; 1% risk of failure)
Press: ? - help, Dir - move target, f/p - quicksilver dragon
Aim: a quicksilver dragon (almost dead, sheltered from injuries, catching its breath, ally target, empty space bonus: 3/8)
The air twists around and strikes the quicksilver dragon.
The quicksilver dragon is almost dead.
* * * LOW HITPOINT WARNING * * *
Your cactus giant disappears in a puff of smoke!
The quicksilver dragon bites you!
* * * LOW HITPOINT WARNING * * *
The quicksilver dragon barely misses you.
The quicksilver dragon breathes dispelling energy at you.
The bolt of dispelling energy hits you!!
You die...

Skill      XL: |  1  2  3  4  5  6  7  8  9 10 11 12 13 14 15 16 17 18 19 20 21 |
---------------+----------------------------------------------------------------+-----
Fighting       | 1 2 3 4 5 7 9 11 13 14 16 17 19 | 19.0
Spellcasting   | 4 5 6 7 9 10 11 12 14 15 16 17 18 19 | 19.4
Conjurations   | 4 5 6 7 9 10 11 12 14 15 16 17 18 19 | 19.4
Hexes          | 4 5 6 7 9 10 11 12 14 15 16 17 18 19 | 19.4
Summonings     | 4 5 6 7 9 10 11 12 14 15 16 17 18 19 | 19.4
Necromancy     | 4 5 6 7 9 10 11 12 14 15 16 17 18 19 | 19.4
Translocations | 4 5 6 7 9 10 11 12 14 15 16 17 18 19 | 19.4
Fire Magic     | 4 5 6 7 9 10 11 12 14 15 16 17 18 19 | 19.4
Ice Magic      | 4 5 6 7 9 10 11 12 14 15 16 17 18 19 | 19.4
Air Magic      | 4 5 6 7 9 10 11 12 14 15 16 17 18 19 | 19.4
Earth Magic    | 4 5 6 7 9 10 11 12 14 15 16 17 18 19 | 19.4
Alchemy        | 4 5 6 7 9 10 11 12 14 15 16 17 18 19 | 19.4
Armour         | 2 5 |  5.0
Shields        | 2 6 9 11 12 | 12.0
Dodging        | 3 7 10 12 14 17 18 | 18.5
Stealth        | |  1.5

Action                     |  1- 3 |  4- 6 |  7- 9 | 10-12 | 13-15 | 16-18 | 19-21 || total
---------------------------+-------+-------+-------+-------+-------+-------+-------++-------
  Melee: Unarmed           |     6 |       |       |       |       |       |       ||     6
         Falchion          |       |       |       |       |     5 |     2 |       ||     7
   Cast: Foxfire           |    79 |   139 |   128 |       |       |     2 |       ||   348
         Scorch            |       |    15 |    18 |    21 |    22 |       |     4 ||    80
         Flame Wave        |       |     1 |       |     1 |     3 |     7 |       ||    12
         Airstrike         |       |       |    56 |   376 |   646 |   827 |   996 ||  2901
         Inner Flame       |       |       |     1 |       |    24 |     2 |    14 ||    41
         Summon Mana Viper |       |       |       |       |    13 |    34 |    83 ||   130
         Summon Cactus Gia |       |       |       |       |    11 |    42 |    88 ||   141
         Summon Small Mamm |       |       |       |       |       |     1 |       ||     1
         Haunt             |       |       |       |       |       |       |     2 ||     2
         Dispersal         |       |       |       |       |       |       |     2 ||     2
    Use: Scroll            |       |       |     5 |    10 |    11 |     9 |    10 ||    45
         Potion            |       |       |       |       |       |     1 |     4 ||     5
 Armour: Robe              |     5 |    15 |    22 |    39 |       |       |       ||    81
         Troll leather arm |       |       |       |    43 |   177 |       |       ||   220
         Scale mail        |       |       |       |       |    21 |   307 |   369 ||   697
  Dodge: Dodged            |     4 |    19 |    17 |    48 |    81 |   134 |   125 ||   428
  Block: Kite shield       |       |       |       |       |       |    52 |   223 ||   275

Levels and vault maps discovered:
D:1:      amcnicky_arrival_choice, layout_basic,
          dreamdust_ecumenical_altar_drowned_temple, minmay_misc_feat_ornament
D:2:      minmay_skewed_foursquare, layout_basic, kennysheep_decorative_pillar,
          chequers_serial_rivers_large_a
D:3:      layout_basic, uniq_terence, uniq_crazy_yiuf_cottage
D:4:      layout_rooms, grunt_temple_overflow_open, grunt_ministairs_9,
          sigmund_edmund_badplayer, uniq_sigmund
D:5:      layout_loops_ring
D:6:      layout_loops_ring, nicolae_vehumet_altar_sigil, ebering_ghost_sewer_f
D:7:      kennysheep_windowed_halls, layout_loops_ring,
          minmay_temple_entry_from_below_a, chequers_serial_rivers_micro_b
D:8:      layout_loops_ring, enter_bailey_4, uniq_psyche
D:9:      layout_basic, nicolae_tso_swordbearing_angel, lair_entry_dummy,
          erik_orc_4, serial_shops, nicolae_shop_tiny_statue_garden,
          nicolae_specific_store
D:10:     layout_irregular_city, nicolae_hepliaklqana_monster_ancestors
D:11:     layout_basic, pdpol_wu_jian_five_deadly_venoms
D:12:     layout_cave_pools, ebering_ghost_inner_flame, serial_library,
          serial_library_hellmonk_big_corner,
          serial_library_hellmonk_metal_room, serial_library_regret_index_multi,
          serial_library_hellmonk_room_c, serial_library_hellmonk_hallway_a,
          serial_library_hellmonk_narrow_alcove, serial_library_hellmonk_room_b,
          serial_library_hellmonk_small_corner,
          serial_library_hellmonk_small_alcove,
          serial_library_hellmonk_small_corner, uniq_sonja, uniq_maurice
D:13:     layout_stronghold, skrybe_vaults_entry_preservation,
          nzn_ghost_randoct, uniq_urug
D:14:     layout_small_grid, grunt_decor_clamped, hellmonk_sif_muna_bookshelves
D:15:     grunt_enter_depths_giant_problem, layout_rooms, hangedman_glass_teeth
Lair:1:   minmay_lair_oklob_tunnel, layout_cave_pods, lemuel_fruit_tree,
          uniq_maggie, uniq_nergalle
Lair:2:   layout_loops_ring, minmay_snake_entry_guardpost_small,
          grunt_megastairs_4
Lair:3:   layout_chaotic_city, palyth_hydra_swamp_entry, basic_altar,
          grunt_megastairs_1, uniq_nessos
Lair:4:   layout_misc_corridors, slime_entry_2, gammafunk_ghost_split
Lair:5:   evilmike_catoblepas_cave, layout_big_grid, serial_bayou_pond_a,
          serial_bayou_pond_e, grunt_megastairs_2, infiniplex_staircase_pool
Swamp:1:  layout_basic_swamp, serial_swamp_ruin, evilmike_swamp_ruin_house_3,
          evilmike_swamp_ruin_house_6, evilmike_swamp_ruin_house_2,
          swamp_pool_1_2, nicolae_swamp_godswood
Swamp:2:  layout_falls_marsh, gammafunk_ghost_split,
          evilmike_swamp_ruin_house_1, uniq_roxanne
Swamp:3:  layout_basic_swamp, evilmike_swamp_ruin_rubble_2
Swamp:4:  swamp_fiery, layout_basic_swamp, portal_ice_cave_entry_pillars_1,
          swamp_pool_1_2
Snake:1:  layout_layer_cave, hellmonk_ghost_happy_afterlife, grunt_megastairs_3,
          uniq_kirke
Snake:2:  layout_layer_cave, special_room, serial_bayou_shore_b
Snake:3:  layout_onion, serial_shops, bzr_entry_safe,
          serial_library_regret_index_multi, serial_bayou_shore_a
Snake:4:  grunt_snake_rune_serpentine_throne, layout_onion, uniq_donald,
          uniq_vashnia
Orc:1:    layout_diamond_mine, basic_altar, uniq_jorgrun
Orc:2:    hellmonk_orc_salted, layout_diamond_mine, gammafunk_ghost_necromancy,
          kennysheep_orc_chapel
Vaults:1: nicolae_vaults_closet_pinwheel_1, grunt_vaults_trifunnel,
          ontoclasm_vaults_ligature, v_misc_22, nicolae_vaults_trapezoid_4,
          nicolae_vaults_little_squares_6, nicolae_vaults_minivaults,
          nicolae_vaults_triangles, nicolae_vaults_more_shelving_2,
          layout_vaults_omnicross
Vaults:2: grunt_vaults_diagonal, vaults_mumra_minichess, vaults_dpeg_cross,
          ontoclasm_vaults_eye, nicolae_vaults_little_squares_3,
          nicolae_vaults_house_2, layout_vaults_quadrants, uniq_mara,
          uniq_mennas
Vaults:3: v_misc_16, v_misc_26, nicolae_vaults_tetromino_Z_1,
          hangedman_vaults_slither, nicolae_vaults_tetromino_Z_2,
          ontoclasm_vaults_claustrophobia, v_misc_27, v_misc_33, v_pattern_2,
          hangedman_vaults_maws, minmay_crypt_entry_necro_gods,
          nicolae_vaults_tetromino_L_1, nicolae_vaults_double_plus_2, v_misc_25,
          ontoclasm_vaults_ring_small, nicolae_vaults_lightning_bolt,
          layout_vaults_maze_bifur, serial_shops,
          nicolae_shop_just_a_little_nook, uniq_bai_suzhen
Vaults:4: ontoclasm_vaults_decontamination,
          nicolae_vaults_storing_the_good_stuff,
          nicolae_vaults_trapezoid_lopsided_1, nicolae_vaults_diamond_2,
          nicolae_vaults_sesquioval_fish, v_rooms_2,
          hangedman_vaults_stretched_pinwheel, vaults_room_corners,
          nicolae_vaults_little_squares_4, layout_vaults_big_room,
          uniq_frederick

Notes
Turn   | Place    | Note
-------+----------+-------------------------------------------
     0 | D:1      | cforsyth the Djinni Fire Elementalist began the quest for
                  | the Orb.
     0 | D:1      | cforsyth set off with the following spells memorised:
                  | Foxfire, Scorch, Volatile Blastmotes, Inner Flame, Flame
                  | Wave.
     0 | D:1      | Reached XP level 1. HP: 15/15 MP: 0/0
    60 | D:1      | Reached XP level 2. HP: 19/22 MP: 0/0
   126 | D:1      | Reached skill level 1 in Fighting
   244 | D:1      | Reached XP level 3. HP: 25/27 MP: 0/0
   244 | D:1      | Learned a level 1 spell: Summon Small Mammal
   661 | D:1      | Reached skill level 2 in Fighting
   863 | D:1      | Found a faded altar of an unknown god.
  1034 | D:2      | Reached XP level 4. HP: 30/33 MP: 0/0
  1583 | D:2      | Reached XP level 5. HP: 38/40 MP: 0/0
  1583 | D:2      | Learned a level 2 spell: Static Discharge
  1830 | D:2      | Reached skill level 3 in Fighting
  2041 | D:2      | Reached skill level 4 in Spellcasting
  2041 | D:2      | Reached skill level 4 in Conjurations
  2041 | D:2      | Reached skill level 4 in Hexes
  2041 | D:2      | Reached skill level 4 in Summonings
  2041 | D:2      | Reached skill level 4 in Necromancy
  2041 | D:2      | Reached skill level 4 in Translocations
  2041 | D:2      | Reached skill level 4 in Fire Magic
  2041 | D:2      | Reached skill level 4 in Ice Magic
  2041 | D:2      | Reached skill level 4 in Air Magic
  2041 | D:2      | Reached skill level 4 in Earth Magic
  2041 | D:2      | Reached skill level 4 in Alchemy
  2277 | D:3      | Noticed Terence
  2280 | D:3      | Killed Terence
  2684 | D:3      | Found a runed translucent door.
  2686 | D:3      | Noticed Crazy Yiuf
  3261 | D:3      | Reached XP level 6. HP: 21/46 MP: 0/0
  3263 | D:3      | Reached skill level 4 in Fighting
  3665 | D:4      | Found a stormy altar of Qazlal.
  3666 | D:4      | Found a shadowy altar of Dithmenos.
  3666 | D:4      | Found a snail-covered altar of Cheibriados.
  3668 | D:4      | Found a sacrificial altar of Ru.
  3668 | D:4      | Found a sparkling altar of Nemelex Xobeh.
  3671 | D:4      | Found a basalt altar of Yredelemnul.
  3671 | D:4      | Found an ornate altar of the Wu Jian Council.
  3672 | D:4      | Found an iron altar of Okawaru.
  3730 | D:4      | Reached XP level 7. HP: 46/53 MP: 0/0
  3730 | D:4      | Learned a level 3 spell: Swiftness
  3976 | D:4      | Reached skill level 5 in Fighting
  3976 | D:4      | Reached skill level 5 in Spellcasting
  3976 | D:4      | Reached skill level 5 in Conjurations
  3976 | D:4      | Reached skill level 5 in Hexes
  3976 | D:4      | Reached skill level 5 in Summonings
  3976 | D:4      | Reached skill level 5 in Necromancy
  3976 | D:4      | Reached skill level 5 in Translocations
  3976 | D:4      | Reached skill level 5 in Fire Magic
  3976 | D:4      | Reached skill level 5 in Ice Magic
  3976 | D:4      | Reached skill level 5 in Air Magic
  3976 | D:4      | Reached skill level 5 in Earth Magic
  3976 | D:4      | Reached skill level 5 in Alchemy
  4287 | D:4      | Noticed Sigmund
  4293 | D:4      | Killed Sigmund
  4319 | D:4      | Noticed Edmund
  4324 | D:4      | Killed Edmund
  4325 | D:4      | Reached XP level 8. HP: 54/61 MP: 0/0
  4438 | D:5      | Entered Level 5 of the Dungeon
  4442 | D:5      | Reached skill level 6 in Fighting
  5349 | D:6      | Reached skill level 6 in Spellcasting
  5349 | D:6      | Reached skill level 6 in Conjurations
  5349 | D:6      | Reached skill level 6 in Hexes
  5349 | D:6      | Reached skill level 6 in Summonings
  5349 | D:6      | Reached skill level 6 in Necromancy
  5349 | D:6      | Reached skill level 6 in Translocations
  5349 | D:6      | Reached skill level 6 in Fire Magic
  5349 | D:6      | Reached skill level 6 in Ice Magic
  5349 | D:6      | Reached skill level 6 in Air Magic
  5349 | D:6      | Reached skill level 6 in Earth Magic
  5349 | D:6      | Reached skill level 6 in Alchemy
  5432 | D:6      | Found a runed translucent door.
  5434 | D:6      | Noticed zeratav's ghost (novice OpSh)
  5597 | D:6      | Reached skill level 7 in Fighting
  5690 | D:6      | Found a runed translucent door.
  6073 | D:7      | Reached XP level 9. HP: 65/68 MP: 0/0
  6073 | D:7      | Learned a level 4 spell: Airstrike
  6626 | D:7      | Reached skill level 8 in Fighting
  6630 | D:7      | Identified 2 potions of resistance
  6728 | D:7      | Found a staircase to the Ecumenical Temple.
  6882 | D:7      | Reached skill level 7 in Spellcasting
  6882 | D:7      | Reached skill level 7 in Conjurations
  6882 | D:7      | Reached skill level 7 in Hexes
  6882 | D:7      | Reached skill level 7 in Summonings
  6882 | D:7      | Reached skill level 7 in Necromancy
  6882 | D:7      | Reached skill level 7 in Translocations
  6882 | D:7      | Reached skill level 7 in Fire Magic
  6882 | D:7      | Reached skill level 7 in Ice Magic
  6882 | D:7      | Reached skill level 7 in Air Magic
  6882 | D:7      | Reached skill level 7 in Earth Magic
  6882 | D:7      | Reached skill level 7 in Alchemy
  7213 | D:7      | Identified the +8 rapier of Nuts {freeze, rF- rC+ Int+4}
  7450 | D:7      | Noticed a gargoyle
  7456 | D:7      | Killed a gargoyle
  7457 | D:7      | Reached skill level 9 in Fighting
  7679 | D:7      | Reached XP level 10. HP: 61/78 MP: 0/0
  7967 | D:8      | Reached skill level 8 in Spellcasting
  7967 | D:8      | Reached skill level 8 in Conjurations
  7967 | D:8      | Reached skill level 8 in Hexes
  7967 | D:8      | Reached skill level 8 in Summonings
  7967 | D:8      | Reached skill level 8 in Necromancy
  7967 | D:8      | Reached skill level 8 in Translocations
  7967 | D:8      | Reached skill level 8 in Fire Magic
  7967 | D:8      | Reached skill level 8 in Ice Magic
  7967 | D:8      | Reached skill level 8 in Air Magic
  7967 | D:8      | Reached skill level 8 in Earth Magic
  7967 | D:8      | Reached skill level 8 in Alchemy
  8111 | D:8      | Found a flagged portal.
  8169 | Bailey   | Entered a bailey
  8457 | Bailey   | Reached skill level 10 in Fighting
  8663 | Bailey   | Noticed an orc knight
  8666 | Bailey   | Noticed an orc knight
  8697 | Bailey   | Killed an orc knight
  8717 | Bailey   | Noticed an orc knight
  8722 | Bailey   | Killed an orc knight
  8977 | Bailey   | Noticed an orc knight
  9177 | Bailey   | Killed an orc knight
  9178 | Bailey   | Reached skill level 11 in Fighting
  9178 | Bailey   | Reached skill level 9 in Spellcasting
  9178 | Bailey   | Reached skill level 9 in Conjurations
  9178 | Bailey   | Reached skill level 9 in Hexes
  9178 | Bailey   | Reached skill level 9 in Summonings
  9178 | Bailey   | Reached skill level 9 in Necromancy
  9178 | Bailey   | Reached skill level 9 in Translocations
  9178 | Bailey   | Reached skill level 9 in Fire Magic
  9178 | Bailey   | Reached skill level 9 in Ice Magic
  9178 | Bailey   | Reached skill level 9 in Air Magic
  9178 | Bailey   | Reached skill level 9 in Earth Magic
  9178 | Bailey   | Reached skill level 9 in Alchemy
  9311 | Bailey   | Killed an orc knight
  9312 | Bailey   | Reached XP level 11. HP: 73/87 MP: 0/0
  9312 | Bailey   | Learned a level 4 spell: Leda's Liquefaction
  9708 | D:8      | Identified the +6 mace "Syclie" {vamp, *Noise rElec Str+7
                  | Int-3}
 10277 | D:8      | Noticed Psyche
 10284 | D:8      | Killed Psyche
 10601 | D:9      | Reached skill level 12 in Fighting
 10754 | D:8      | HP: 3/89 [warg (17)]
 11032 | D:9      | Found Moaffier's Specific Store.
 11032 | D:9      | Found Tota's General Store.
 11467 | D:9      | Found a staircase to the Orcish Mines.
 11825 | D:9      | Reached skill level 10 in Spellcasting
 11825 | D:9      | Reached skill level 10 in Conjurations
 11825 | D:9      | Reached skill level 10 in Hexes
 11825 | D:9      | Reached skill level 10 in Summonings
 11825 | D:9      | Reached skill level 10 in Necromancy
 11825 | D:9      | Reached skill level 10 in Translocations
 11825 | D:9      | Reached skill level 10 in Fire Magic
 11825 | D:9      | Reached skill level 10 in Ice Magic
 11825 | D:9      | Reached skill level 10 in Air Magic
 11825 | D:9      | Reached skill level 10 in Earth Magic
 11825 | D:9      | Reached skill level 10 in Alchemy
 12180 | D:9      | Found a staircase to the Lair.
 12273 | D:9      | Found Wuogicup's General Store.
 12539 | D:9      | Found a glowing golden altar of the Shining One.
 12599 | D:10     | Entered Level 10 of the Dungeon
 12792 | D:10     | Identified the +1 robe "Kycoesti" {Str+3}
 13267 | D:10     | Reached skill level 13 in Fighting
 13705 | D:10     | Found a hazy altar of Hepliaklqana.
 13903 | D:11     | Noticed a two-headed ogre
 13907 | D:11     | Killed a two-headed ogre
 13908 | D:11     | Reached XP level 12. HP: 86/98 MP: 0/0
 14110 | D:11     | Identified the +5 falchion of a wizard's laboratory {holy,
                  | ^Fragile rC+ Int+2 Dex+2}
 14544 | D:11     | Found an ornate altar of the Wu Jian Council.
 14955 | D:11     | Reached skill level 11 in Spellcasting
 14955 | D:11     | Reached skill level 11 in Conjurations
 14955 | D:11     | Reached skill level 11 in Hexes
 14955 | D:11     | Reached skill level 11 in Summonings
 14955 | D:11     | Reached skill level 11 in Necromancy
 14955 | D:11     | Reached skill level 11 in Translocations
 14955 | D:11     | Reached skill level 11 in Fire Magic
 14955 | D:11     | Reached skill level 11 in Ice Magic
 14955 | D:11     | Reached skill level 11 in Air Magic
 14955 | D:11     | Reached skill level 11 in Earth Magic
 14955 | D:11     | Reached skill level 11 in Alchemy
 15331 | D:12     | Reached skill level 14 in Fighting
 15379 | D:12     | Noticed Maurice
 15402 | D:12     | Killed Maurice
 15518 | D:12     | Found a runed translucent door.
 15592 | D:12     | Noticed Sonja
 15595 | D:12     | Killed Sonja
 15896 | D:12     | Noticed an ogre mage
 15904 | D:12     | Killed an ogre mage
 15915 | D:12     | Noticed an ogre mage
 15919 | D:12     | Killed an ogre mage
 15920 | D:12     | Reached XP level 13. HP: 83/106 MP: 0/0
 15920 | D:12     | Learned a level 5 spell: Summon Mana Viper
 15924 | D:12     | Noticed an ogre mage
 15925 | D:12     | Paralysed by an ogre mage for 5 turns
 15933 | D:12     | Killed an ogre mage
 15943 | D:12     | Killed an ogre mage
 15944 | D:12     | Reached skill level 15 in Fighting
 16031 | D:12     | Noticed n00bmints's ghost (journeyman MiBe)
 16036 | D:12     | a black mamba changed into an entropy weaver
 16036 | D:12     | Noticed an entropy weaver (shapeshifter)
 16324 | D:9      | Bought a scroll of acquirement for 520 gold pieces
 16324 | D:9      | Bought a scroll of blinking for 75 gold pieces
 16324 | D:9      | Acquired 736 gold pieces
 16325 | D:9      | Acquired the +3 broad axe "Uminiel" {antimagic, rF+ rC+}
 16530 | Lair:1   | Entered Level 1 of the Lair of Beasts
 16618 | Lair:1   | Reached skill level 12 in Spellcasting
 16618 | Lair:1   | Reached skill level 12 in Conjurations
 16618 | Lair:1   | Reached skill level 12 in Hexes
 16618 | Lair:1   | Reached skill level 12 in Summonings
 16618 | Lair:1   | Reached skill level 12 in Necromancy
 16618 | Lair:1   | Reached skill level 12 in Translocations
 16618 | Lair:1   | Reached skill level 12 in Fire Magic
 16618 | Lair:1   | Reached skill level 12 in Ice Magic
 16618 | Lair:1   | Reached skill level 12 in Air Magic
 16618 | Lair:1   | Reached skill level 12 in Earth Magic
 16618 | Lair:1   | Reached skill level 12 in Alchemy
 17121 | Lair:1   | Noticed Nergalle
 17125 | Lair:1   | Killed Nergalle
 17503 | Lair:1   | Noticed Maggie
 17506 | Lair:1   | Killed Maggie
 17874 | Lair:1   | Identified the +8 plate armour of the Onion {rPois Str+6}
 17958 | Lair:2   | You are sucked into a shaft and drop 2 floors!
 17985 | Lair:4   | Noticed Hoaki's ghost (journeyman HONe)
 17994 | Lair:3   | Noticed a five-headed hydra
 18016 | Lair:4   | Noticed a five-headed hydra
 18019 | Lair:4   | Killed a five-headed hydra
 18034 | Lair:4   | Reached skill level 16 in Fighting
 18082 | Lair:3   | Found a hide-covered altar of Uskayaw.
 18093 | Lair:3   | Noticed Nessos
 18098 | Lair:3   | Killed Nessos
 18132 | Lair:3   | Noticed an eight-headed hydra
 18157 | Lair:3   | Killed an eight-headed hydra
 18217 | Lair:4   | Noticed a four-headed hydra
 18220 | Lair:4   | Killed a four-headed hydra
 18266 | Lair:4   | Found a runed translucent gate.
 18266 | Lair:4   | Found a runed translucent gate.
 18266 | Lair:4   | Found a runed translucent gate.
 18455 | Lair:4   | Reached XP level 14. HP: 113/117 MP: 0/0
 18578 | Lair:4   | Reached skill level 13 in Spellcasting
 18578 | Lair:4   | Reached skill level 13 in Conjurations
 18578 | Lair:4   | Reached skill level 13 in Hexes
 18578 | Lair:4   | Reached skill level 13 in Summonings
 18578 | Lair:4   | Reached skill level 13 in Necromancy
 18578 | Lair:4   | Reached skill level 13 in Translocations
 18578 | Lair:4   | Reached skill level 13 in Fire Magic
 18578 | Lair:4   | Reached skill level 13 in Ice Magic
 18578 | Lair:4   | Reached skill level 13 in Air Magic
 18578 | Lair:4   | Reached skill level 13 in Earth Magic
 18578 | Lair:4   | Reached skill level 13 in Alchemy
 18943 | Lair:2   | Reached skill level 17 in Fighting
 18953 | Lair:2   | Found a staircase to the Snake Pit.
 20364 | Lair:3   | Found a staircase to the Swamp.
 20428 | Lair:4   | Found a runed translucent door.
 20430 | Lair:4   | Noticed an acid blob
 20431 | Lair:4   | Found a staircase to the Slime Pits.
 20638 | Lair:4   | Reached skill level 14 in Spellcasting
 20638 | Lair:4   | Reached skill level 14 in Conjurations
 20638 | Lair:4   | Reached skill level 14 in Hexes
 20638 | Lair:4   | Reached skill level 14 in Summonings
 20638 | Lair:4   | Reached skill level 14 in Necromancy
 20638 | Lair:4   | Reached skill level 14 in Translocations
 20638 | Lair:4   | Reached skill level 14 in Fire Magic
 20638 | Lair:4   | Reached skill level 14 in Ice Magic
 20638 | Lair:4   | Reached skill level 14 in Air Magic
 20638 | Lair:4   | Reached skill level 14 in Earth Magic
 20638 | Lair:4   | Reached skill level 14 in Alchemy
 20879 | Lair:5   | Entered Level 5 of the Lair of Beasts
 20892 | Lair:4   | Reached XP level 15. HP: 100/126 MP: 0/0
 20892 | Lair:4   | Learned a level 6 spell: Summon Cactus Giant
 20934 | Lair:5   | Reached skill level 18 in Fighting
 22493 | Lair:5   | Identified the +5 scale mail of Bellicose Life {rElec rC+++
                  | Dex-2 SInv}
 22614 | Lair:5   | Killed Hoaki's ghost
 23108 | D:3      | Killed Crazy Yiuf
 23230 | D:6      | Killed zeratav's ghost
 23407 | D:12     | Killed n00bmints's ghost
 23408 | D:12     | Reached skill level 19 in Fighting
 23447 | D:12     | Identified the +0 chain mail of the Fifty Friends {Dex+4}
 23587 | Orc:1    | Entered Level 1 of the Orcish Mines
 23587 | Orc:1    | Found a roughly hewn altar of Beogh.
 23791 | Orc:2    | Entered Level 2 of the Orcish Mines
 23791 | Orc:2    | Found a staircase to the Elven Halls.
 23850 | Orc:2    | Found a runed translucent gate.
 23852 | Orc:2    | Found a runed translucent gate.
 23852 | Orc:2    | Found a runed translucent gate.
 23853 | Orc:2    | Noticed Eugor's ghost (journeyman DECj)
 23957 | Orc:2    | Found a roughly hewn altar of Beogh.
 24049 | Orc:2    | Reached skill level 1 in Armour
 24049 | Orc:2    | Reached skill level 1 in Shields
 24074 | Orc:2    | Noticed an orc warlord
 24081 | Orc:2    | Killed an orc warlord
 24086 | Orc:2    | Reached skill level 3 in Dodging
 24251 | Orc:2    | Reached skill level 15 in Spellcasting
 24251 | Orc:2    | Reached skill level 15 in Conjurations
 24251 | Orc:2    | Reached skill level 15 in Hexes
 24251 | Orc:2    | Reached skill level 15 in Summonings
 24251 | Orc:2    | Reached skill level 15 in Necromancy
 24251 | Orc:2    | Reached skill level 15 in Translocations
 24251 | Orc:2    | Reached skill level 15 in Fire Magic
 24251 | Orc:2    | Reached skill level 15 in Ice Magic
 24251 | Orc:2    | Reached skill level 15 in Air Magic
 24251 | Orc:2    | Reached skill level 15 in Earth Magic
 24251 | Orc:2    | Reached skill level 15 in Alchemy
 24322 | Orc:2    | Reached skill level 2 in Armour
 24322 | Orc:2    | Reached skill level 2 in Shields
 24417 | Orc:2    | Reached XP level 16. HP: 126/135 MP: 0/0
 24575 | Orc:2    | Reached skill level 4 in Dodging
 24651 | Orc:2    | Found Eke Kon's Antique Weapon Shoppe.
 24658 | Orc:2    | Reached skill level 3 in Armour
 24658 | Orc:2    | Reached skill level 3 in Shields
 24785 | Orc:2    | Found Enawemun's Jewellery Shoppe.
 24786 | Orc:2    | Found a roughly hewn altar of Beogh.
 24787 | Orc:2    | Found Jyhaij's General Store.
 24877 | Orc:2    | Found Iphisire's Antique Weapon Boutique.
 25298 | Orc:1    | Noticed Jorgrun
 25304 | Orc:1    | Killed Jorgrun
 25567 | Orc:1    | Reached skill level 5 in Dodging
 25657 | Orc:2    | Killed Eugor's ghost
 25658 | Orc:2    | Reached skill level 4 in Armour
 25658 | Orc:2    | Reached skill level 4 in Shields
 25915 | D:13     | Found a transporter.
 25920 | D:13     | Noticed Coanextu's ghost (journeyman HOFi)
 25929 | D:13     | Found a transporter.
 26030 | D:13     | Noticed epsilonplus's ghost (journeyman TrMo)
 26371 | D:13     | Noticed Urug
 26380 | D:13     | Killed Urug
 26611 | D:13     | Reached skill level 6 in Dodging
 26706 | D:13     | Reached skill level 5 in Armour
 26706 | D:13     | Reached skill level 5 in Shields
 26736 | D:13     | Found a gate to the Vaults.
 27105 | D:14     | Identified the ring of Niudiq {rPois rN+ MP+9 Str-5 Int+4}
 27601 | D:14     | Identified a scarf of resistance
 27801 | D:15     | Entered Level 15 of the Dungeon
 28030 | D:15     | Found a staircase to the Depths.
 28031 | D:15     | Noticed a fire giant
 28036 | D:15     | Killed a fire giant
 28037 | D:15     | Reached skill level 7 in Dodging
 28037 | D:15     | Reached skill level 6 in Shields
 28472 | Snake:1  | Entered Level 1 of the Snake Pit
 28978 | Snake:1  | Reached XP level 17. HP: 130/141 MP: 0/0
 28978 | Snake:1  | Learned a level 6 spell: Dispersal
 29283 | Snake:1  | Found a runed translucent door.
 29283 | Snake:1  | Noticed Xuar's ghost (adept DjHW)
 29554 | Snake:1  | Reached skill level 8 in Dodging
 29560 | Snake:1  | Noticed Kirke
 29567 | Snake:1  | Killed Kirke
 29568 | Snake:1  | Reached skill level 7 in Shields
 30488 | Snake:2  | Reached skill level 9 in Dodging
 30547 | Snake:2  | Reached skill level 8 in Shields
 30547 | Snake:2  | Reached skill level 16 in Spellcasting
 30547 | Snake:2  | Reached skill level 16 in Conjurations
 30547 | Snake:2  | Reached skill level 16 in Hexes
 30547 | Snake:2  | Reached skill level 16 in Summonings
 30547 | Snake:2  | Reached skill level 16 in Necromancy
 30547 | Snake:2  | Reached skill level 16 in Translocations
 30547 | Snake:2  | Reached skill level 16 in Fire Magic
 30547 | Snake:2  | Reached skill level 16 in Ice Magic
 30547 | Snake:2  | Reached skill level 16 in Air Magic
 30547 | Snake:2  | Reached skill level 16 in Earth Magic
 30547 | Snake:2  | Reached skill level 16 in Alchemy
 31549 | Snake:2  | Reached skill level 10 in Dodging
 31635 | Snake:3  | Found a flickering gateway to a bazaar.
 31641 | Bazaar   | Entered a bazaar
 31666 | Bazaar   | Found Cixe's General Store.
 31682 | Bazaar   | Found Wirrill's Armour Emporium.
 31682 | Bazaar   | Found Dujakac's Magic Scroll Shoppe.
 31693 | Bazaar   | Bought a scroll of teleportation for 33 gold pieces
 31704 | Bazaar   | Found Bamar's Weapon Emporium.
 31704 | Bazaar   | Found Dikaj's Antique Armour Shoppe.
 31725 | Bazaar   | Found Haezuelash's General Store.
 31725 | Bazaar   | Found Gikios's Magic Scroll Shoppe.
 31736 | Bazaar   | Bought a scroll of revelation for 45 gold pieces
 31736 | Bazaar   | Bought a scroll of fog for 24 gold pieces
 31736 | Bazaar   | Bought a scroll of fear for 24 gold pieces
 31736 | Bazaar   | Bought a scroll of acquirement for 312 gold pieces
 31736 | Bazaar   | Bought a scroll of enchant armour for 45 gold pieces
 31759 | Bazaar   | Acquired the ring "Meyloj" {rC+ rCorr Dex+2 Slay+4}
 31810 | Snake:3  | Reached skill level 9 in Shields
 32061 | Snake:3  | Reached XP level 18. HP: 109/148 MP: 0/0
 32529 | Snake:4  | Entered Level 4 of the Snake Pit
 32625 | Snake:4  | Noticed Donald
 32630 | Snake:4  | Killed Donald
 33050 | Snake:4  | Noticed Vashnia
 33080 | Snake:4  | Killed Vashnia
 33290 | Snake:4  | Reached skill level 11 in Dodging
 33435 | Snake:4  | Reached skill level 10 in Shields
 34267 | Snake:4  | Found an iron altar of Okawaru.
 34296 | Snake:4  | Got a serpentine rune of Zot
 34350 | Snake:4  | Reached skill level 12 in Dodging
 34539 | Swamp:1  | Entered Level 1 of the Swamp
 34908 | Swamp:1  | Reached skill level 11 in Shields
 35340 | Swamp:1  | Reached skill level 17 in Spellcasting
 35340 | Swamp:1  | Reached skill level 17 in Conjurations
 35340 | Swamp:1  | Reached skill level 17 in Hexes
 35340 | Swamp:1  | Reached skill level 17 in Summonings
 35340 | Swamp:1  | Reached skill level 17 in Necromancy
 35340 | Swamp:1  | Reached skill level 17 in Translocations
 35340 | Swamp:1  | Reached skill level 17 in Fire Magic
 35340 | Swamp:1  | Reached skill level 17 in Ice Magic
 35340 | Swamp:1  | Reached skill level 17 in Air Magic
 35340 | Swamp:1  | Reached skill level 17 in Earth Magic
 35340 | Swamp:1  | Reached skill level 17 in Alchemy
 35538 | Swamp:1  | You are sucked into a shaft and drop 1 floor!
 35538 | Swamp:2  | Noticed Roxanne
 35621 | Swamp:2  | Reached XP level 19. HP: 106/153 MP: 0/0
 35621 | Swamp:2  | Learned a level 7 spell: Haunt
 35895 | Swamp:2  | Noticed MrSquiggles's ghost (adept DsWn)
 35903 | Swamp:2  | Found a runed translucent gate.
 35903 | Swamp:2  | Found a runed translucent gate.
 35910 | Swamp:2  | Found a runed translucent gate.
 37218 | Swamp:3  | Identified the +6 scale mail of Snakes and Ladders {^Contam
                  | +Blink rC++ Str+3}
 37255 | Swamp:3  | Reached skill level 13 in Dodging
 37814 | Swamp:4  | Entered Level 4 of the Swamp
 37977 | Swamp:4  | Reached skill level 12 in Shields
 38000 | Swamp:4  | Found a glacial archway.
 38019 | IceCv    | Entered an ice cave
 38626 | IceCv    | Identified the ring "Jaegh" {Fly Str+7 Int-4}
 38631 | IceCv    | Identified the +7 sling of Trauma {drain, ^Drain Dex+4}
 38982 | Swamp:4  | Reached skill level 14 in Dodging
 39382 | Swamp:4  | Got a decaying rune of Zot
 39722 | Vaults:1 | Entered Level 1 of the Vaults
 40322 | Vaults:1 | Reached XP level 20. HP: 109/160 MP: 0/0
 40326 | Vaults:1 | HP: 13/160 [deep elf high priest/divine providence (15)]
 40794 | Vaults:1 | Reached skill level 15 in Dodging
 40991 | Vaults:1 | Reached skill level 18 in Spellcasting
 40991 | Vaults:1 | Reached skill level 18 in Conjurations
 40991 | Vaults:1 | Reached skill level 18 in Hexes
 40991 | Vaults:1 | Reached skill level 18 in Summonings
 40991 | Vaults:1 | Reached skill level 18 in Necromancy
 40991 | Vaults:1 | Reached skill level 18 in Translocations
 40991 | Vaults:1 | Reached skill level 18 in Fire Magic
 40991 | Vaults:1 | Reached skill level 18 in Ice Magic
 40991 | Vaults:1 | Reached skill level 18 in Air Magic
 40991 | Vaults:1 | Reached skill level 18 in Earth Magic
 40991 | Vaults:1 | Reached skill level 18 in Alchemy
 42607 | Vaults:2 | Noticed Mara
 42623 | Vaults:2 | Killed Mara
 42624 | Vaults:2 | Reached skill level 16 in Dodging
 42941 | Vaults:2 | Noticed Mennas
 42989 | Vaults:2 | Killed Mennas
 43691 | Vaults:2 | Identified the +1 leather armour of Summertime {*Corrode
                  | rPois Str+8}
 44203 | Vaults:3 | Found Tavaxed's Antique Armour Emporium.
 44212 | Vaults:3 | Bought an embroidered cloak for 255 gold pieces
 44254 | Vaults:3 | You are sucked into a shaft and drop 1 floor!
 44806 | Vaults:3 | Reached skill level 17 in Dodging
 44872 | Vaults:3 | Reached XP level 21. HP: 116/166 MP: 0/0
 44872 | Vaults:3 | Learned a level 8 spell: Borgnjor's Revivification
 45161 | Vaults:3 | Noticed Bai Suzhen
 45185 | Vaults:3 | Killed Bai Suzhen
 45579 | Vaults:3 | Found a staircase to the Crypt.
 45586 | Vaults:3 | Found a basalt altar of Yredelemnul.
 45746 | Vaults:3 | Reached skill level 19 in Spellcasting
 45746 | Vaults:3 | Reached skill level 19 in Conjurations
 45746 | Vaults:3 | Reached skill level 19 in Hexes
 45746 | Vaults:3 | Reached skill level 19 in Summonings
 45746 | Vaults:3 | Reached skill level 19 in Necromancy
 45746 | Vaults:3 | Reached skill level 19 in Translocations
 45746 | Vaults:3 | Reached skill level 19 in Fire Magic
 45746 | Vaults:3 | Reached skill level 19 in Ice Magic
 45746 | Vaults:3 | Reached skill level 19 in Air Magic
 45746 | Vaults:3 | Reached skill level 19 in Earth Magic
 45746 | Vaults:3 | Reached skill level 19 in Alchemy
 46382 | Vaults:3 | Reached skill level 18 in Dodging
 46956 | Vaults:4 | Identified the orb "Gurchiogg" {*channel, rElec Dex+4 SInv
                  | Earth}
 46956 | Vaults:4 | Noticed Frederick
 47360 | Vaults:4 | Identified the amulet "Ciubidda" {Reflect Str+4 SH+5}
 48475 | Vaults:4 | HP: 13/166 [quicksilver dragon (15)]
 48475 | Vaults:4 | Killed from afar by a quicksilver dragon

Vanquished Creatures
  Mara (Vaults:2)
  Vashnia (Snake:4)
  Jorgrun (Orc:1)
  3 sphinxes
  6 nagarajas
  A tengu reaver (Vaults:1)
  Donald (Snake:4)
  A fenstrider witch (Swamp:3)
  A fire giant (D:15)
  8 vault wardens
  An orc warlord (Orc:2)
  4 ironbound preservers
  A very ugly thing (IceCv)
  The ghost of Hoaki the Fighter, a journeyman HONe of Kikubaaqudgha (Lair:5)
  3 ironbound thunderhulks
  Nessos (Lair:3)
  2 eleionomae
  5 dire elephants
  6 bunyips
  The ghost of Eugor the Thaumaturge, a journeyman DECj of Vehumet (Orc:2)
  2 ettins
  2 entropy weavers (Vaults:1)
  A yaktaur captain (Vaults:3)
  A deep elf high priest (Vaults:1)
  5 great orbs of eyes
  2 salamander tyrants
  4 fire dragons
  17 hydras
  A ghost crab (Swamp:3)
  8 anacondas
  6 alligators
  3 ogre magi (D:12)
  10 ironbound frosthearts
  7 centaur warriors
  15 death yaks
  2 catoblepae (Lair:5)
  5 two-headed ogres
  9 naga warriors
  Urug (D:13)
  3 tengu warriors
  An orc high priest (Orc:2)
  An occultist (D:12)
  8 naga sharpshooters
  Sonja (D:12)
  Nergalle (Lair:1)
  7 shock serpents
  3 skysharks
  3 spriggans
  A fire crab (Lair:4)
  3 goliath frogs (Swamp:3)
  A salamander mystic (Snake:4)
  12 deep trolls
  3 spriggan druids
  The ghost of zeratav the Mimic, a novice OpSh (D:6)
  A glowing orange brain (shapeshifter) (Vaults:1)
  5 naga ritualists
  7 mana vipers
  6 bog bodies
  8 swamp dragons
  9 orc knights
  6 arcanists
  2 harpies
  12 ironbound convokers
  6 lindwurms
  2 orange crystal statues (IceCv)
  A phantasmal warrior (Vaults:4)
  2 deep elf zephyrmancers (D:12)
  4 oklob plants (Lair:1)
  3 ugly things
  12 salamanders
  3 deep elf pyromancers
  A cyclops (D:14)
  7 will-o-the-wisps
  A wolf spider (shapeshifter) (Vaults:4)
  Maurice (D:12)
  4 orc sorcerers (Orc:2)
  10 vault sentinels
  3 manticores
  14 elephants
  A torpor snail (Lair:1)
  11 naga magi
  23 black mambas
  5 guardian serpents (Snake:4)
  2 kobold blastminers (Orc:2)
  3 gargoyles
  2 molten gargoyles (Swamp:4)
  10 cane toads
  Maggie (Lair:1)
  2 rime drakes
  18 yaktaurs
  2 unseen horrors
  A kobold demonologist (D:10)
  Psyche (D:8)
  4 freezing wraiths
  A golden dragon simulacrum (IceCv)
  11 komodo dragons
  9 trolls
  13 tyrant leeches
  2 polar bears
  2 hornets
  3 bloated husks
  2 alligator simulacra (IceCv)
  4 saltlings (Orc:2)
  9 dream sheep
  3 blink frogs (Lair:3)
  A jumping spider (shapeshifter) (D:14)
  2 shadows
  Sigmund (D:4)
  A centaur simulacrum (D:14)
  A culicivora (Vaults:1)
  14 slime creatures
  2 hogs (Snake:1)
  3 basilisks
  4 steam dragons
  53 yaks
  2 vampires
  A human (D:9)
  4 wyverns
  2 redbacks (Vaults:1)
  3 wargs
  6 vampire mosquitoes
  Edmund (D:4)
  20 nagas
  11 swamp worms
  A water moccasin (shapeshifter) (D:13)
  15 water moccasins
  9 swamp drakes (Swamp:4)
  An acid dragon (D:7)
  A hydra simulacrum (IceCv)
  24 orc warriors
  A black bear (Lair:1)
  An ice beast (D:7)
  5 sky beasts
  7 boggarts
  7 ogres
  2 ettin simulacra (IceCv)
  3 centaurs
  7 wolves
  3 kobold brigands
  A gnoll sergeant (D:10)
  17 bullfrogs
  2 scorpions
  11 wights
  9 killer bees
  5 howler monkeys
  3 electric eels
  3 jellies
  Crazy Yiuf (D:3)
  2 bombardier beetles
  4 hounds
  16 orc priests
  2 gnoll boudas
  2 iguanas
  16 orc wizards
  Terence (D:3)
  7 gnolls
  12 adders
  2 white imps
  2 ufetubi (D:5)
  4 dart slugs
  3 ribbon worms
  93 orcs
  11 ball pythons
  5 endoplasms
  4 giant cockroaches
  10 goblins
  8 hobgoblins
  3 quokkas
  2 bats
  2 frilled lizards (D:1)
  15 kobolds
  9 rats
  A spectral goblin (D:1)
  A spectral orc (D:10)
982 creatures vanquished.

Vanquished Creatures (collateral kills)
  Mennas (Vaults:2)
  Bai Suzhen (Vaults:3)
  Kirke (Snake:1)
  2 nagarajas (Snake:4)
  A frost giant (Vaults:4)
  8 ironbound preservers
  A very ugly thing (IceCv)
  A ghoul (Swamp:3)
  5 dire elephants
  An ettin (D:13)
  The ghost of n00bmints the Basher, a journeyman MiBe of Trog (D:12)
  A shambling mangrove (Swamp:1)
  2 ironbound frosthearts
  A salamander tyrant (Snake:4)
  A hydra (Swamp:4)
  4 yaktaur captains
  2 great orbs of eyes
  An ogre mage (D:12)
  2 centaur warriors (Vaults:1)
  A caustic shrike simulacrum (IceCv)
  A catoblepas (Lair:5)
  4 death yaks (Lair:5)
  5 anacondas
  A boulder beetle (Vaults:2)
  A two-headed ogre (Orc:2)
  4 naga warriors
  A shock serpent (Snake:3)
  An orc high priest (Orc:2)
  4 naga sharpshooters
  6 skeletal warriors (D:13)
  A sea snake (Snake:2)
  A naga ritualist (Snake:2)
  A bog body (Swamp:3)
  12 deep trolls
  4 arcanists
  3 ironbound convokers
  3 mana vipers
  2 orc knights (Orc:2)
  3 cyclopes (D:13)
  13 ugly things
  8 salamanders
  3 black mambas (Snake:1)
  3 guardian serpents
  5 vault sentinels
  3 naga magi
  10 yaktaurs
  A kobold demonologist (D:13)
  A freezing wraith (IceCv)
  3 hornets (Swamp:1)
  A golden dragon simulacrum (IceCv)
  A raiju (shapeshifter) (D:13)
  2 slime creatures
  A shadow (D:13)
  A vampire (D:13)
  A culicivora (shapeshifter) (D:12)
  2 yaks
  A dire elephant simulacrum (IceCv)
  3 vampire mosquitoes
  4 wargs (Orc:2)
  2 harpy simulacra (IceCv)
  A swamp worm (Swamp:4)
  10 nagas
  2 hydra simulacra (IceCv)
  2 ettin simulacra (IceCv)
  3 orc warriors (Orc:2)
  An ogre (Orc:2)
  A bullfrog (D:6)
  A spectral warg (Orc:2)
  A lindwurm simulacrum (IceCv)
  2 orc simulacra (Orc:2)
  A kobold simulacrum (Orc:2)
  2 orc priests (Orc:2)
  2 spectral orcs (Orc:2)
  An adder (D:6)
  An ogre simulacrum (Orc:2)
  2 river rats (D:6)
  2 orcs (Orc:2)
200 creatures vanquished.

Vanquished Creatures (others)
  A bloated husk (Swamp:4)
  2 humans (Snake:1)
  A swamp drake (Swamp:4)
  256 foxfires
260 creatures vanquished.

Grand Total: 1442 creatures vanquished

Table legend: (Time is in decaauts)
 A = Elapsed time spent in this place.
 B = Non-inter-level travel time spent in this place.
 C = Inter-level travel time spent in this place.
 D = Time resting spent in this place.
 E = Time spent auto-exploring this place.
 F = Levels seen in this place.
 G = Mean time per level.
                   A        B        C        D        E       F      G
               +--------+--------+--------+--------+--------+-----+--------+
         Total |  48535 |  45422 |   3113 |   6792 |  30777 |  37 | 1311.8 |
       Dungeon |  19120 |  17333 |   1787 |   1789 |  13304 |  15 | 1274.7 |
          Lair |   6792 |   6267 |    525 |    991 |   3769 |   5 | 1358.4 |
         Swamp |   4185 |   4024 |    161 |   1189 |   2185 |   4 | 1046.2 |
     Snake Pit |   5807 |   5587 |    220 |    549 |   3987 |   4 | 1451.8 |
  Orcish Mines |   2170 |   2083 |     87 |    289 |   1337 |   2 | 1085.0 |
        Vaults |   8401 |   8072 |    329 |   1563 |   4936 |   4 | 2100.2 |
        Bazaar |    125 |    125 |      0 |      0 |    112 |   1 |  125.0 |
        Bailey |   1278 |   1278 |      0 |    215 |    904 |   1 | 1278.0 |
      Ice Cave |    652 |    652 |      0 |    207 |    243 |   1 |  652.0 |
               +--------+--------+--------+--------+--------+-----+--------+

Top non-repeatable levels by time:
Vaults:3: 2238 daAuts
Vaults:4: 2204 daAuts
     D:8: 2185 daAuts
Vaults:1: 1995 daAuts
Vaults:2: 1963 daAuts
 Snake:4: 1878 daAuts
 Snake:1: 1871 daAuts
  Lair:5: 1807 daAuts
     D:7: 1764 daAuts
    D:10: 1732 daAuts
    D:13: 1675 daAuts
   Orc:2: 1668 daAuts
  Lair:3: 1606 daAuts
 Swamp:3: 1574 daAuts
     D:3: 1554 daAuts

Table legend:
 A = Non-vault XP
 B = Vault XP
 C = Vault XP percentage of total XP
 D = Non-vault monster count
 E = Vault monster count
 F = Vault count percentage of total count
                 A         B        C        D         E       F
            +---------+---------+-------+---------+---------+-------
      Total |  268167 |  206084 |  43.5 |     755 |     429 |  36.2
            +---------+---------+-------+---------+---------+-------
        D:1 |      64 |       2 |   3.0 |      24 |       1 |   4.0
        D:2 |      80 |      19 |  19.2 |      18 |       7 |  28.0
        D:3 |     171 |      76 |  30.8 |      22 |       2 |   8.3
        D:4 |     298 |     445 |  59.9 |      15 |       4 |  21.1
        D:5 |     186 |       0 |   0.0 |       9 |       0 |   0.0
        D:6 |     620 |     962 |  60.8 |      15 |       7 |  31.8
        D:7 |     849 |    1504 |  63.9 |      13 |      20 |  60.6
        D:8 |    1709 |     560 |  24.7 |      23 |       7 |  23.3
        D:9 |    2314 |     640 |  21.7 |      23 |      16 |  41.0
       D:10 |    2200 |       6 |   0.3 |      24 |       2 |   7.7
       D:11 |    4778 |       0 |   0.0 |      19 |       0 |   0.0
       D:12 |    2814 |    7973 |  73.9 |      19 |      12 |  38.7
       D:13 |    9507 |    8187 |  46.3 |      15 |      14 |  48.3
       D:14 |    4449 |       0 |   0.0 |      11 |       0 |   0.0
       D:15 |    4662 |    1229 |  20.9 |       8 |       1 |  11.1
     Lair:1 |    2544 |    4157 |  62.0 |      12 |       9 |  42.9
     Lair:2 |    3955 |    2059 |  34.2 |      15 |       8 |  34.8
     Lair:3 |   13582 |    7052 |  34.2 |      31 |      17 |  35.4
     Lair:4 |    9950 |    4684 |  32.0 |      28 |      10 |  26.3
     Lair:5 |    6084 |   13495 |  68.9 |      16 |      32 |  66.7
    Swamp:1 |   11500 |       0 |   0.0 |      24 |       0 |   0.0
    Swamp:2 |    9190 |       0 |   0.0 |      15 |       0 |   0.0
    Swamp:3 |   15286 |       0 |   0.0 |      24 |       0 |   0.0
    Swamp:4 |    6932 |   16483 |  70.4 |      15 |      31 |  67.4
    Snake:1 |   21908 |    2811 |  11.4 |      37 |       5 |  11.9
    Snake:2 |   24017 |       0 |   0.0 |      43 |       0 |   0.0
    Snake:3 |   11787 |       0 |   0.0 |      23 |       0 |   0.0
    Snake:4 |    9142 |   34086 |  78.9 |      17 |      47 |  73.4
      Orc:1 |    1911 |    1878 |  49.6 |      43 |       1 |   2.3
      Orc:2 |    6155 |   15054 |  71.0 |      25 |      43 |  63.2
   Vaults:1 |   17672 |   24768 |  58.4 |      28 |      31 |  52.5
   Vaults:2 |   18505 |   16888 |  47.7 |      30 |      12 |  28.6
   Vaults:3 |   27946 |   18969 |  40.4 |      47 |      23 |  32.9
   Vaults:4 |   15400 |    9960 |  39.3 |      24 |      12 |  33.3
     Bailey |       0 |    3668 | 100.0 |       0 |      31 | 100.0
      IceCv |       0 |    8469 | 100.0 |       0 |      24 | 100.0
            +---------+---------+-------+---------+---------+-------
